 Dungeon Crawl Stone Soup version 0.25-a0-589-g1e14c54 (webtiles) character file.

Game seed: 826643034368743604, levelgen mode: deterministic

6586 15 the Thaumaturge (level 10, -2/58 HPs)
             Began as a Deep Elf Fire Elementalist on Mar 10, 2020.
             Was a Believer of Vehumet.
             Slain by a yak (14 damage)
             ... on level 10 of the Dungeon.
             The game lasted 00:50:32 (11156 turns).

15 the Thaumaturge (Deep Elf Fire Elementalist)    Turns: 11156, Time: 00:50:32

Health: -2/58      AC:  6    Str:  8    XL:     10   Next: 71%
Magic:  9/28       EV: 14    Int: 21    God:    Vehumet [**....]
Gold:   443        SH:  0    Dex: 15    Spells: 6/33 levels left

rFire    + . .     SeeInvis .   B - +2 dagger (venom)
rCold    x . .     Gourm    .   (no shield)
rNeg     . . .     Faith    .   j - +1 robe {MR+}
rPois    .         Spirit   .   (no helmet)
rElec    .         Reflect  .   g - +0 cloak
rCorr    .         Harm     .   e - +1 pair of gloves
MR       +++..                  (no boots)
Stlth    +++.......             C - amulet of the acrobat
HPRegen  0.19/turn              J - ring of protection from magic
MPRegen  0.21/turn              n - ring of fire

@: studying Polearms
A: no striking features
a: Renounce Religion


You were on level 10 of the Dungeon.
You worshipped Vehumet.
Vehumet was pleased with you.
You were very hungry.

You visited 2 branches of the dungeon, and saw 11 of its levels.
You also visited: Ossuary.

You collected 574 gold pieces.
You spent 131 gold pieces at shops.

Inventory:

Hand Weapons
 h - a +1 dagger
 B - a +2 dagger of venom (weapon)
 D - a +2 short sword of draining
Missiles
 x - 25 poisoned darts
 E - 8 curare-tipped darts (quivered)
Armour
 e - a +1 pair of gloves (worn)
 g - a +0 cloak (worn)
 j - a +1 robe of magic resistance (worn)
 u - the +3 robe of the Country {rF- Int+6 Dex+2}
   (You bought it in a shop on level 4 of the Dungeon)

   It affects your intelligence (+6).
   It affects your dexterity (+2).
   It makes you vulnerable to fire.
 I - the +0 robe "Jengalor" {Int+2}
   (You found it on level 8 of the Dungeon)

   It affects your intelligence (+2).
Jewellery
 n - a ring of fire (right hand)
 p - an uncursed ring of protection from fire
 w - the ring "Ariqem" {*Drain rElec rF++ rC+}
   (You found it on level 5 of the Dungeon)

   [ring of protection from cold]

   It greatly protects you from fire.
   It protects you from cold.
   It insulates you from electricity.
   It causes draining when unequipped.
 y - an uncursed ring of poison resistance
 C - an amulet of the acrobat (around neck)
 J - a ring of protection from magic (left hand)
Wands
 G - a wand of polymorph (22)
 H - a wand of flame (11)
Scrolls
 a - a scroll of immolation {unknown}
 f - 5 scrolls of enchant armour
 i - 2 scrolls of blinking {unknown}
 k - 7 scrolls of teleportation
 A - 2 scrolls of enchant weapon
Potions
 b - 5 potions of curing
 d - a potion of magic
 l - 2 potions of cancellation {unknown}
 m - a potion of berserk rage {unknown}
 o - a potion of stabbing
 q - 3 potions of brilliance
 r - 3 potions of flight {unknown}
 s - a potion of haste
 t - 3 potions of lignification {unknown}
 v - 3 potions of degeneration {unknown}
 z - 2 potions of mutation
 F - a potion of resistance {unknown}
Books
 K - a manual of Polearms
Miscellaneous
 L - a lamp of fire
Comestibles
 c - 13 rations


   Skills:
 * Level 4.9 Fighting
 + Level 2.1 Short Blades
 + Level 1.4 Throwing
 + Level 4.0 Dodging
 + Level 5.4 Stealth
 * Level 12.0 Spellcasting
 * Level 7.8 Conjurations
 + Level 0.9 Hexes
 * Level 9.1 Fire Magic
 * Level 2.5 Earth Magic


You had 6 spell levels left.
You knew the following spells:

 Your Spells              Type           Power        Failure   Level  Hunger
a - Foxfire               Conj/Fire      ####         1%          1    None
b - Conjure Flame         Conj/Fire      ######..     1%          3    None
c - Inner Flame           Hex/Fire       ######..     1%          3    None
d - Sticky Flame          Conj/Fire      ######..     1%          4    None
e - Fireball              Conj/Fire      ######....   4%          5    ####...
f - Stone Arrow           Conj/Erth      ####..       1%          3    None
g - Freeze                Ice            ##..         5%          1    None
h - Lee's Rapid Deconstr  Erth           ###.......   45%         5    ####...
i - Passwall              Tmut/Erth      ###.....     4%          2    None

Your spell library contained the following spells:

 Spells                   Type           Power        Failure   Level  Hunger
 Sandblast                Erth           ###...       1%          1    None
 Petrify                  Tmut/Erth      ###.....     30%         4    None


Dungeon Overview and Level Annotations

Branches:
Dungeon (10/15)            Temple (1/1) D:7            Lair (0/6) D:9
Ossuary (visited)
    Orc: D:9-12

Altars:
Ashenzari
Cheibriados
Dithmenos
Elyvilon
Fedhas
Gozag
Hepliaklqana
Kikubaaqudgha
Makhleb
Nemelex Xobeh
Okawaru
Qazlal
Ru
Sif Muna
Trog
Uskayaw
Vehumet
Wu Jian
Xom
Yredelemnul
Zin
The Shining One

Shops:
D:4 [   D:6 :

Portals:
Abyss: D:6

Annotations:
D:6 1 transporter, MinDuChiJDG's ghost, novice TeCj
D:9 exclusion: orange crystal statue


Message History

Unknown command.
Casting: Sticky Flame (safe; 1% risk of failure)
Confirm with . or Enter, or press ? or * to list all spells.
Aiming: Sticky Flame (safe; 1% risk of failure)
Press: ? - help, Shift-Dir - straight line, f - yak
Aim: a yak (heavily wounded)
You feel a surge of power!
The sticky flame hits the yak!
The yak is severely wounded.
The yak is covered in liquid flames!
The yak burns!
The yak gores you.
You hit the yak but do no damage.
The yak is severely wounded.
The yak burns!
The shadow imp completely misses you. The yak gores you!
* * * LOW HITPOINT WARNING * * *
Unknown command.
You hit the yak but do no damage.
The yak is almost dead.
The yak burns!
The yak stops burning.
The shadow imp hits you but does no damage.
The yak gores you!
You die...

#. #.. ####
###.##### ....#
#.......# ###.$...+
#.......###.'.....#
#.......##..#.....#
#....>.5@Y.## Y...#
#......<#### ...#
#.......# ###
#.......# #########


You could see a yak and a shadow imp.

Vanquished Creatures
  An ice statue (D:9)
  An elephant (D:9)
  Maggie (D:8)
  A hornet (D:6)
  Prince Ribbit (D:7)
  A hippogriff (D:7)
  A spriggan (D:7)
  9 yaks
  2 basilisks (D:9)
  A hungry ghost (D:9)
  4 sky beasts
  An ice beast (D:7)
  6 ogres
  3 centaurs
  2 big kobolds
  4 bullfrogs
  A gnoll sergeant (D:7)
  4 scorpions
  3 wights (D:6)
  3 howler monkeys (D:9)
  2 crimson imps
  3 jellies
  4 centaur skeletons
  3 hounds
  4 orc priests
  A bullfrog skeleton (D:10)
  2 gnoll shamans
  An iguana (D:8)
  6 worker ants
  2 orc wizards
  A big kobold zombie (Ossuary)
  2 mummies (Ossuary)
  A worker ant zombie (D:8)
  14 gnolls
  9 adders
  2 shadow imps
  2 oozes
  2 adder skeletons
  2 adder zombies (Ossuary)
  A dart slug (D:2)
  5 leopard geckos
  10 orcs
  10 bats
  12 giant cockroaches
  3 gnoll zombies (Ossuary)
  4 hobgoblins
  15 jackals
  16 kobolds
  A quokka (D:8)
  5 frilled lizards
  2 goblins (D:3)
  6 hobgoblin zombies (Ossuary)
  A jackal skeleton (D:8)
  4 kobold zombies (Ossuary)
  4 orc zombies (Ossuary)
  A quokka zombie (D:6)
  8 rats
221 creatures vanquished.

Vanquished Creatures (others)
  A water moccasin zombie (Ossuary)
  An adder zombie (Ossuary)
  606 foxfires
608 creatures vanquished.

Grand Total: 829 creatures vanquished

Notes
Turn   | Place    | Note
-------+----------+-------------------------------------------
     0 | D:1      | 15 the Deep Elf Fire Elementalist began the quest for the
                  | Orb.
     0 | D:1      | Reached XP level 1. HP: 10/10 MP: 6/6
    92 | D:1      | Gained mutation: You tend to lose your temper in combat.
                  | [potion of mutation]
    92 | D:1      | Lost mutation: You tend to lose your temper in combat.
                  | [potion of mutation]
   164 | D:1      | Found a shattered altar of Ashenzari.
   213 | D:1      | Reached XP level 2. HP: 15/15 MP: 0/8
   619 | D:2      | Noticed a crimson imp
  1114 | D:2      | Reached XP level 3. HP: 19/19 MP: 5/10
  1323 | D:2      | Learned a level 3 spell: Conjure Flame
  1327 | D:2      | Learned a level 3 spell: Inner Flame
  2093 | D:2      | Found a shattered altar of Ashenzari.
  2097 | D:2      | Found a blossoming altar of Fedhas.
  2240 | D:2      | Found a bloodstained altar of Trog.
  2240 | D:2      | Found an ancient bone altar of Kikubaaqudgha.
  2242 | D:2      | Found a shadowy altar of Dithmenos.
  2350 | D:3      | Reached XP level 4. HP: 24/24 MP: 4/11
  2691 | D:3      | Reached skill level 4 in Spellcasting
  2707 | D:3      | Learned a level 4 spell: Sticky Flame
  3022 | D:4      | Found Iklumif's Antique Armour Shop.
  3209 | D:4      | Bought a slimy robe for 131 gold pieces
  3401 | D:4      | Reached skill level 1 in Throwing
  3422 | D:4      | Reached XP level 5. HP: 28/28 MP: 10/13
  3443 | D:4      | Reached skill level 1 in Fighting
  3574 | D:4      | Found a sparkling altar of Nemelex Xobeh.
  3907 | D:5      | Entered Level 5 of the Dungeon
  4023 | D:5      | Got a shimmering lead ring
  4185 | D:5      | Found a sand-covered staircase.
  4201 | Ossuary  | Entered an ossuary
  4375 | Ossuary  | Reached XP level 6. HP: 34/34 MP: 8/15
  4529 | Ossuary  | Reached skill level 5 in Spellcasting
  5178 | D:5      | Identified the ring "Ariqem" {*Drain rElec rF++ rC+} (You
                  | found it on level 5 of the Dungeon)
  5593 | D:6      | Identified the +3 robe of the Country {rF- Int+6 Dex+2}
                  | (You bought it in a shop on level 4 of the Dungeon)
  5655 | D:6      | Reached skill level 5 in Fire Magic
  5655 | D:6      | Reached XP level 7. HP: 39/39 MP: 6/17
  5657 | D:6      | Reached skill level 6 in Spellcasting
  5675 | D:6      | Found Subys's Book Shop.
  5744 | D:6      | Found a transporter.
  5772 | D:6      | Noticed MinDuChiJDG's ghost (novice TeCj)
  5791 | D:6      | Found a one-way gate to the infinite horrors of the Abyss.
  5797 | D:6      | Noticed an ancient zyme
  5830 | D:6      | Learned a level 5 spell: Fireball
  5842 | D:6      | Noticed a hornet
  6182 | D:6      | Reached skill level 1 in Short Blades
  6284 | D:6      | Killed a hornet
  6284 | D:6      | Reached skill level 7 in Spellcasting
  6577 | D:6      | Reached XP level 8. HP: 45/45 MP: 12/20
  7224 | D:7      | Found a staircase to the Ecumenical Temple.
  7237 | Temple   | Entered the Ecumenical Temple
  7403 | Temple   | Became a worshipper of Vehumet
  7481 | D:7      | Learned a level 3 spell: Stone Arrow
  7488 | D:7      | Reached skill level 8 in Spellcasting
  7488 | D:7      | Reached skill level 5 in Conjurations
  7540 | D:7      | Found a basalt altar of Yredelemnul.
  7802 | D:7      | Noticed a hippogriff
  7816 | D:7      | Reached * piety under Vehumet
  7816 | D:7      | Offered knowledge of Magic Dart by Vehumet.
  7823 | D:7      | Killed a hippogriff
  7823 | D:7      | Reached skill level 9 in Spellcasting
  7823 | D:7      | Reached XP level 9. HP: 28/51 MP: 15/24
  7847 | D:7      | Noticed Prince Ribbit
  7856 | D:7      | Killed Prince Ribbit
  8330 | D:8      | Noticed Maggie
  8344 | D:8      | Found a shimmering altar of Xom.
  8344 | D:8      | Found a shimmering altar of Xom.
  8344 | D:8      | Found a shimmering altar of Xom.
  8344 | D:8      | Found a shimmering altar of Xom.
  8344 | D:8      | Found a shimmering altar of Xom.
  8344 | D:8      | Found a shimmering altar of Xom.
  8347 | D:8      | Killed Maggie
  8347 | D:8      | Reached skill level 10 in Spellcasting
  8428 | D:8      | Got a transparent robe
  8429 | D:8      | Identified the +0 robe "Jengalor" {Int+2} (You found it on
                  | level 8 of the Dungeon)
  8917 | D:8      | Reached skill level 11 in Spellcasting
  8952 | D:8      | Reached XP level 10. HP: 57/57 MP: 21/27
  9706 | D:9      | Offered knowledge of Freeze by Vehumet.
  9713 | D:9      | Learned a level 1 spell: Freeze
  9719 | D:9      | Learned a level 5 spell: Lee's Rapid Deconstruction
  9744 | D:9      | Found a staircase to the Lair.
  9744 | D:9      | Noticed an elephant
  9894 | D:9      | Killed an elephant
  9894 | D:9      | Reached ** piety under Vehumet
  9894 | D:9      | Reached skill level 1 in Earth Magic
 10149 | D:9      | Noticed an orange crystal statue
 10314 | D:9      | Noticed an ice statue
 10596 | D:9      | Killed an ice statue
 11123 | D:9      | Learned a level 2 spell: Passwall
 11124 | D:10     | Entered Level 10 of the Dungeon
 11140 | D:10     | Reached skill level 12 in Spellcasting
 11146 | D:10     | Reached skill level 5 in Stealth
 11156 | D:10     | Slain by a yak

Levels and vault maps discovered:
D:1:      psy_arrival_dodecagon, layout_rooms, nicolae_ashenzari_panopticon
D:2:      layout_basic, nicolae_overflow_hidden_temple,
          minmay_misc_feat_more_columns, minmay_worlds_worst_comb
D:3:      layout_basic, first_ration, grunt_decor_one_mirror
D:4:      layout_basic, serial_shops, nicolae_shop_crystal,
          nemelex_lonely_heart_becter
D:5:      layout_basic, nicolae_ossuary_entry_monument
D:6:      layout_layer_cave, gammafunk_ghost_abyssal_escape, serial_shops, shop
D:7:      layout_rooms, minmay_temple_entry_waves, basic_altar,
          hangedman_decor_clover_reticule, kennysheep_flooded_box, the_bakery,
          minmay_misc_feat_doors, uniq_prince_ribbit1
D:8:      layout_basic, xom_shifter_show, uniq_maggie
D:9:      minmay_separated_statues, layout_loops_ring, david_lair_generic,
          kennysheep_generic_room_3
D:10:     layout_roguey, uniq_josephine
Temple:   eino_temple_rhombus

Skill      XL: |  1  2  3  4  5  6  7  8  9 10 |
---------------+-------------------------------+-----
Stealth        | 3 4 5 |  5.4
Fire Magic     | 4 5 7 8 9 |  9.1
Spellcasting   | 4 5 7 9 11 12 | 12.0
Conjurations   | 2 3 4 5 7 |  7.8
Throwing       | 1 |  1.4
Fighting       | 1 2 3 4 |  4.9
Short Blades   | 1 2 |  2.1
Dodging        | 3 4 |  4.0
Earth Magic    | 2 |  2.5
Hexes          | |  0.9

Action                   |  1- 3 |  4- 6 |  7- 9 | 10-12 || total
-------------------------+-------+-------+-------+-------++-------
Melee: Unarmed           |     9 |       |       |       ||     9
       Dagger            |    83 |     2 |    86 |    56 ||   227
Throw: Dart              |       |    12 |     8 |       ||    20
 Cast: Foxfire           |    96 |   144 |   150 |    87 ||   477
       Inner Flame       |       |     1 |     5 |       ||     6
       Conjure Flame     |       |     3 |     2 |     2 ||     7
       Sticky Flame      |       |     2 |     7 |    11 ||    20
       Fireball          |       |       |     8 |    10 ||    18
       Stone Arrow       |       |       |    10 |     1 ||    11
  Use: Scroll            |     5 |    11 |     4 |     1 ||    21
       Potion            |     3 |     3 |     3 |       ||     9
 Stab: Sleeping          |     1 |       |     4 |     1 ||     6
       Invisible         |       |       |     2 |       ||     2
  Eat: Chunk             |     3 |     9 |     5 |     9 ||    26
       Ration            |       |     1 |     2 |       ||     3
Armor: Robe              |    30 |    10 |    26 |    16 ||    82
Dodge: Dodged            |    71 |    19 |    76 |    42 ||   208

Table legend:
 A = Non-vault XP
 B = Vault XP
 C = Vault XP percentage of total XP
 D = Non-vault monster count
 E = Vault monster count
 F = Vault count percentage of total count
                 A         B        C        D         E       F
            +---------+---------+-------+---------+---------+-------
      Total |    6657 |    2752 |  29.2 |     183 |      37 |  16.8
            +---------+---------+-------+---------+---------+-------
        D:1 |      31 |       0 |   0.0 |      16 |       0 |   0.0
        D:2 |      47 |      12 |  20.3 |      17 |       6 |  26.1
        D:3 |      28 |       0 |   0.0 |      17 |       0 |   0.0
        D:4 |     169 |       0 |   0.0 |      12 |       0 |   0.0
        D:5 |     176 |       0 |   0.0 |       4 |       0 |   0.0
        D:6 |     980 |       0 |   0.0 |      34 |       0 |   0.0
        D:7 |    1416 |     479 |  25.3 |      28 |       2 |   6.7
        D:8 |    1808 |     395 |  17.9 |      31 |       1 |   3.1
        D:9 |    1139 |    1750 |  60.6 |      19 |       7 |  26.9
       D:10 |     863 |       0 |   0.0 |       5 |       0 |   0.0
    Ossuary |       0 |     116 | 100.0 |       0 |      21 | 100.0
            +---------+---------+-------+---------+---------+-------
